AoeStats
← Dahuts

Arena

506165758Analyzed
1v1 RM · 18d ago on Sep 12, 2026· 47m 54s· 2 players
Game mode
Random Map
Map size
Tiny (2 player)
Population
200
Speed
Normal
Resources
Standard
Victory
Conquest
Starting age
Dark Age
Ending age
Imperial Age
RankedLock teamsTeams togetherTeam positionsShared explorationLock speedFull tech treeHidden civsTurbo modeCheats
Victory
Defeat
🇫🇷 Burmese · France
1262
+17
🇭🇺 Hindustanis · Hungary
1278
-17
Dahuts
10:12 Loom
11:59 Feudal Age
13:38 Horse Collar
16:16 Castle Age
17:21 Loom
18:15 Wheelbarrow
18:16 Padded Archer Armor
26:45 Imperial Age
27:41 Bloodlines
27:31 Husbandry
28:02 Scale Barding Armor
28:32 Conscription
32:09 Chain Barding Armor
koole
10:32 Feudal Age
15:12 Castle Age
13:34 Double-Bit Axe
14:00 Horse Collar
16:30 Heavy Plow
19:24 Fervor
20:54 Bow Saw
20:31 Loom
22:37 Wheelbarrow
22:09 Town Watch
22:43 Fletching
23:28 Bodkin Arrow
23:33 Padded Archer Armor
22:58 Elite Skirmisher
25:55 Ballistics
25:56 Squires
27:08 Thumb Ring
28:40 Gold Mining
33:42 Imperial Age
31:52 Leather Archer Armor
35:15 Bracer
37:57 Bloodlines
38:34 Hand Cart
40:28 Heavy Camel Rider
44:34 Block Printing
Connection lost

Rejoining the realm…

Still unreachable

The connection could not be restored.

Session expired

The server has moved on; the page needs a fresh start.